 Dungeon Crawl Stone Soup version 0.24.1-8-ga250c9d538 (webtiles) character file.

Game seed: 10643344984981661065, levelgen mode: deterministic

3915 Kenran the Carver (level 10, -5/55 HPs)
             Began as a Vine Stalker Fighter on Apr 27, 2020.
             Was a Follower of the Shining One.
             Slain by a hornet (9 damage)
             ... on level 8 of the Dungeon.
             The game lasted 00:22:05 (5698 turns).

Kenran the Carver (Vine Stalker Fighter)            Turns: 5698, Time: 00:22:05

Health: -5/55      AC: 13    Str: 20    XL:     10   Next: 20%
Magic:  0/12       EV:  5    Int:  8    God:    the Shining One [*.....]
Gold:   367        SH:  9    Dex: 16    Spells: 9/9 levels left

rFire    . . .     SeeInvis .   a - +2 long sword
rCold    . . .     Gourm    .   c - +0 shield
rNeg     . . .     Faith    .   u - +0 chain mail
rPois    .         Spirit   +   r - +1 helmet
rElec    .         Reflect  .   y - scarf {cloud immunity}
rCorr    .         Harm     .   (no gloves)
MR       +....                  (no boots)
Stlth    ..........             (no amulet)
HPRegen  0.58/turn              n - +1 ring of protection
MPRegen  0.13/turn              (no ring)

@: glowing
A: fangs 3, regeneration 1, magic shield, antimagic bite, no potion heal 3, rot
immunity
a: Renounce Religion


You were on level 8 of the Dungeon.
You worshipped the Shining One.
The Shining One was aware of your devotion.
You were hungry.

You visited 2 branches of the dungeon, and saw 9 of its levels.

You collected 367 gold pieces.

Inventory:

Hand Weapons
 a - a +2 long sword (weapon)
Missiles
 g - 2 throwing nets (quivered)
 q - 4 javelins
Armour
 b - a +0 scale mail
 c - a +0 shield (worn)
 r - a +1 helmet (worn)
 u - a +0 chain mail (worn)
 y - a scarf of cloud immunity (worn)
Jewellery
 n - a +1 ring of protection (left hand)
Wands
 d - a wand of iceblast (8)
Scrolls
 i - 6 scrolls of remove curse {@r2}
 j - a scroll of immolation {!r}
 o - a scroll of amnesia {unknown}
 s - a scroll of fear {unknown}
 v - a scroll of fog {unknown}
Potions
 h - a potion of flight
 m - 2 potions of curing {@q1}
 p - a potion of degeneration {unknown}
 t - a potion of mutation {unknown}
 w - a potion of agility {unknown}
 x - a potion of cancellation {unknown}
 z - a potion of brilliance {unknown}
Comestibles
 f - 8 rations
 A - 9 chunks of flesh


   Skills:
 - Level 7.0 Fighting
 + Level 9.5 Long Blades
 - Level 6.1 Armour
 - Level 3.0 Shields
 - Level 2.6 Invocations


You had 9 spell levels left.
You didn't know any spells.
Your spell library contained the following spells:

 Spells                   Type           Power        Failure   Level  Hunger
 Animate Skeleton         Necr           N/A          100%        1    ##.....
 Apportation              Tloc           #.....       100%        1    ##.....
 Confusing Touch          Hex            #.....       100%        1    ##.....
 Summon Small Mammal      Summ           #...         100%        1    ##.....


Dungeon Overview and Level Annotations

Branches:
Dungeon (9/15)             Temple (1/1) D:5
   Lair: D:8-11         Orc: D:9-12

Altars:
Ashenzari
Cheibriados
Dithmenos
Elyvilon
Gozag
Hepliaklqana
Kikubaaqudgha
Makhleb
Nemelex Xobeh
Qazlal
Ru
Trog
Uskayaw
Vehumet
Wu Jian
Yredelemnul
Zin
The Shining One

Shops:
D:4 (

Annotations:
D:8 Grum, Harold


Innate Abilities, Weirdness & Mutations

You have razor-sharp teeth.
Your natural rate of healing is unusually fast.
When hurt, damage is shared between your health and your magic reserves.
Your bite disrupts and absorbs the magic of your enemies.
Potions cannot restore your health.
You are immune to rotting.


Message History

That item cannot be evoked!
Throwing (i - inventory. (/) - cycle)
g - 3 throwing nets (quivered)
Press: ? - help, Shift-Dir - straight line, f - hornet
Aim: a hornet (haloed)
You throw a throwing net. The throwing net hits the hornet.
The hornet is caught in the net!
* * * LOW HITPOINT WARNING * * *
You feel sick.
The hornet struggles against the net. x2
You block Grum's attack.
The hornet struggles against the net.
Grum hits you but does no damage.
Your system rejects the healing.
You feel better.
You feel yourself speed up.
The hornet struggles against the net.
The net rips apart, and the hornet comes free!
Grum completely misses you. You block the hornet's attack.
You see here a long sword.
The hornet barely misses you.
You riposte.
Your shield and chain mail prevent you from hitting the hornet.
The hornet stings you!
You die...

#........#...#
#........#
#.................
####)#####
#.......#......... #.#
#..........##.%.#
#.#######..##.#.........
#.##.......#....##....#
#.#.÷#####............#
#..>.......####.#.....#
#)####...@yg)O†......$#
#)# ##....######......#
#)# #..#### #.......#
#.# #.## #.......# #.#
#.#########...#..##
#†#####...........#.....
#(.# #[########....#####
##.# ##.# ....##
#.###..# .......


You could see Grum, a hornet and an ogre.

Vanquished Creatures
  Pikel (D:4)
  Joseph (D:8)
  Prince Ribbit (D:8)
  A hornet (D:8)
  Edmund (D:3)
  A sky beast (D:6)
  3 slaves (D:4)
  2 orc warriors
  2 ogres
  2 ice beasts
  2 phantoms
  2 centaurs
  2 wolves (D:8)
  A big kobold (D:9)
  3 bullfrogs
  A scorpion (D:9)
  4 wights (D:6)
  3 crimson imps
  A centaur zombie (D:8)
  A quasit (D:6)
  A hound (D:4)
  5 orc priests
  2 centaur skeletons
  4 orc wizards
  Jessica (D:2)
  Terence (D:3)
  An iguana (D:8)
  Natasha (D:1)
  5 worker ants
  11 adders
  11 gnolls
  A howler monkey skeleton (D:6)
  An ooze (D:3)
  A worm (D:2)
  A dart slug (D:2)
  6 leopard geckos
  10 orcs
  3 giant cockroaches
  3 goblins
  7 hobgoblins
  15 jackals
  10 kobolds
  2 quokkas
  A ball python (D:3)
  6 bats
  3 frilled lizards
  A giant cockroach zombie (D:5)
  A leopard gecko zombie (D:5)
  A quokka skeleton (D:4)
  A rat (D:2)
152 creatures vanquished.

Notes
Turn   | Place    | Note
-------+----------+-------------------------------------------
     0 | D:1      | Kenran the Vine Stalker Fighter began the quest for the
                  | Orb.
     0 | D:1      | Reached XP level 1. HP: 11/11 MP: 2/2
   345 | D:1      | Reached skill level 2 in Long Blades
   345 | D:1      | Reached XP level 2. HP: 13/16 MP: 3/3
  1039 | D:2      | Reached XP level 3. HP: 18/20 MP: 4/4
  1390 | D:2      | Noticed Natasha
  1416 | D:1      | Killed Natasha
  1416 | D:1      | Reached skill level 3 in Long Blades
  1590 | D:2      | Gained mutation: Your natural rate of healing is unusually
                  | fast. [Vine Stalker growth]
  1590 | D:2      | Reached XP level 4. HP: 24/24 MP: 2/5
  1625 | D:2      | Found a basalt altar of Yredelemnul.
  1741 | D:2      | Noticed Jessica
  1752 | D:2      | Killed Jessica
  1912 | D:2      | Reached skill level 4 in Long Blades
  2182 | D:2      | Reached XP level 5. HP: 28/28 MP: 6/6
  2445 | D:3      | Noticed Terence
  2465 | D:3      | Killed Terence
  2468 | D:3      | Found a sacrificial altar of Ru.
  2568 | D:3      | Reached XP level 6. HP: 15/33 MP: 4/7
  2682 | D:3      | Found a faded altar of an unknown god.
  3056 | D:4      | Reached skill level 5 in Long Blades
  3291 | D:4      | Reached XP level 7. HP: 35/37 MP: 6/8
  3295 | D:4      | Noticed Edmund
  3372 | D:3      | Killed Edmund
  3372 | D:3      | Reached skill level 6 in Long Blades
  3434 | D:4      | Found Song's Antique Weapon Emporium.
  3624 | D:4      | Noticed Pikel
  3836 | D:4      | Killed Pikel
  3836 | D:4      | Reached skill level 5 in Fighting
  3836 | D:4      | Gained mutation: You have razor-sharp teeth. [Vine Stalker
                  | growth]
  3836 | D:4      | Reached XP level 8. HP: 44/44 MP: 7/9
  3955 | D:5      | Entered Level 5 of the Dungeon
  3972 | D:5      | Found an opulent altar of Gozag.
  4031 | D:5      | Found a burning altar of Makhleb.
  4279 | D:5      | Reached skill level 5 in Armour
  4282 | D:5      | Reached skill level 7 in Long Blades
  4289 | D:5      | Reached XP level 9. HP: 33/48 MP: 8/10
  4438 | D:5      | Found a staircase to the Ecumenical Temple.
  4444 | Temple   | Entered the Ecumenical Temple
  4543 | Temple   | Became a worshipper of the Shining One
  5008 | D:6      | Reached skill level 8 in Long Blades
  5143 | D:6      | You fall into a shaft and drop 3 floors!
  5196 | D:9      | Noticed a two-headed ogre
  5206 | D:8      | Noticed Grum
  5207 | D:8      | Reached * piety under the Shining One
  5207 | D:8      | Noticed Harold
  5269 | D:8      | Noticed Prince Ribbit
  5381 | D:8      | Noticed Joseph
  5411 | D:8      | Killed Joseph
  5411 | D:8      | Reached skill level 9 in Long Blades
  5411 | D:8      | Reached XP level 10. HP: 28/55 MP: 8/11
  5455 | D:8      | Paralysed by a hornet for 3 turns
  5650 | D:8      | Killed Prince Ribbit
  5692 | D:8      | HP: 2/55 [Grum/-1 spear (4)]
  5698 | D:8      | Slain by a hornet

Levels and vault maps discovered:
D:1:      lightli_arrival_farm, layout_basic
D:2:      layout_basic, old_standard_altar, uniq_natasha, uniq_jessica
D:3:      layout_basic, nicolae_ru_awakened_eye,
          chequers_ecumenical_altar_simple_redux, minivault_11, uniq_terence
D:4:      layout_basic, first_ration, serial_shops, nicolae_shop_trees,
          kennysheep_small_square, uniq_edmund, uniq_pikel
D:5:      layout_basic, kennysheep_little_box, nicolae_overflow_hidden_temple,
          nicolae_overflow_crystal_walls, minmay_temple_entry_statues_pillars
D:6:      layout_basic, serial_shops, shop, minmay_holes,
          hangedman_decor_riveting, st_stairs_10
D:8:      layout_rooms, uniq_grum, uniq_harold, uniq_joseph, uniq_prince_ribbit1
D:9:      layout_rooms, kennysheep_mini, overflow_temple_1_default,
          ebering_ghost_inner_flame, grunt_ogre_cave, minmay_st_funbox
Temple:   zaba_magenta_temple

Skill      XL: |  1  2  3  4  5  6  7  8  9 10 |
---------------+-------------------------------+-----
Long Blades    | 2 3 4 5 6 7 9 |  9.5
Shields        | 3 |  3.0
Fighting       | 3 4 5 6 7 |  7.0
Armour         | 4 5 6 |  6.1
Invocations    | 2 |  2.6

Action                   |  1- 3 |  4- 6 |  7- 9 | 10-12 || total
-------------------------+-------+-------+-------+-------++-------
Melee: Long sword        |    53 |   197 |   315 |    33 ||   598
       Bite              |    13 |    58 |   114 |    16 ||   201
Throw: Throwing net      |       |       |       |     1 ||     1
  Use: Scroll            |     3 |     3 |     3 |     1 ||    10
       Potion            |     1 |       |     1 |     3 ||     5
  Eat: Chunk             |     1 |     7 |     7 |     1 ||    16
Armor: Scale mail        |    14 |    75 |    34 |       ||   123
       Skin              |     2 |       |     8 |       ||    10
       Chain mail        |       |       |    71 |    19 ||    90
Dodge: Dodged            |    11 |    53 |    63 |     6 ||   133
Block: Shield            |    22 |    93 |   122 |    24 ||   261
       Rpst.: Long sword |     5 |    13 |    19 |     1 ||    38
